 Dungeon Crawl Stone Soup version 0.31-a0-187-gba352fb (webtiles) character file.

Game seed: 9126422646710793946

23605 Agathadicida the Cleaver (level 12, -9/98 HPs)
             Began as a Demonspawn Fighter on June 22, 2023.
             Was an Elder of Qazlal.
             Mangled by an eight-headed hydra (13 damage)
             ... on level 2 of the Lair of Beasts.
             The game lasted 00:41:23 (15007 turns).

Agathadicida the Cleaver (Demonspawn Fighter)      Turns: 15007, Time: 00:41:24

Health: -9/98      AC: 12    Str: 20    XL:     12   Next: 73%
Magic:  18/18      EV: 11    Int:  9    God:    Qazlal [****..]
Gold:   1601       SH: 12    Dex: 18    Spells: 11/11 levels left

rFire   . . .        g - +1 whip (pain)
rCold   . . .        c - +0 buckler
rNeg    + . .        x - +0 steam dragon scales
rPois   .            y - +1 hat {Will+}
rElec   .            i - scarf {repulsion}
rCorr   .            I - +0 pair of gloves {Dex+3}
SInv    +            v - +0 pair of boots
Will    +....        (no amulet)
Stlth   +            d - ring of see invisible
HPRegen 0.36/turn    l - ring of positive energy
MPRegen 0.16/turn

%: repel missiles
@: no status effects
A: horns 1, thin metallic scales 2, ignite blood 2, spiny 2
a: Renounce Religion, Upheaval, Elemental Force


You were on level 2 of the Lair of Beasts.
You worshipped Qazlal.
Qazlal was greatly pleased with you.
You visited 3 branches of the dungeon, and saw 14 of its levels.
You also visited: Sewer.

You collected 1666 gold pieces.
You spent 65 gold pieces at shops.

Inventory:

Hand Weapons
 a - a +0 war axe of chaos
 g - a +1 whip of pain (weapon)
 m - a -2 demon whip of venom
 q - a +3 spear of venom
 H - a +5 trident
Missiles
 n - 2 boomerangs
 p - 29 poisoned darts (quivered)
 s - 4 throwing nets
 t - a curare-tipped dart
Armour
 b - a +1 scale mail
 c - a +0 buckler (worn)
 e - an orb of light
 i - a scarf of repulsion (worn)
 k - a +0 leather armour
 v - a +0 pair of boots (worn)
 x - +0 steam dragon scales (worn)
 y - a +1 hat of willpower (worn)
 A - a +2 hat
 I - a +0 pair of gloves of dexterity (worn)
Jewellery
 d - a ring of see invisible (left hand)
 l - a ring of positive energy (right hand)
 G - a ring of resist corrosion
Wands
 F - a wand of flame (22)
 L - a wand of charming (7)
Scrolls
 w - a scroll of enchant armour
 z - 2 scrolls of teleportation
 C - 3 scrolls of silence
 K - 3 scrolls of identify
 M - a scroll of revelation
Potions
 f - 6 potions of curing
 h - 2 potions of enlightenment
 j - 4 potions of haste
 o - 2 potions of invisibility
 r - 2 potions of resistance
 u - 2 potions of mutation
 B - 3 potions of degeneration
 D - 2 potions of magic
 E - 2 potions of attraction
Miscellaneous
 J - a phantom mirror


   Skills:
 - Level 10.3 Fighting
 * Level 14.6 Axes
 - Level 0.7 Throwing
 * Level 5.4 Armour
 - Level 0.5 Dodging
 - Level 2.1 Stealth
 * Level 7.0 Shields
 * Level 8.0 Invocations


You had 11 spell levels left.
You didn't know any spells.
Your spell library contained the following spells:

 Spells                   Type           Power      Damage    Failure   Level
 Kiss of Death            Conj/Necr      0%         2d5       43%         1
 Sandblast                Erth           0%         2d4       43%         1
 Blink                    Tloc           0%         N/A       58%         2
 Lesser Beckoning         Tloc           0%         N/A       58%         2
 Momentum Strike          Conj/Tloc      0%         3d8       58%         2
 Passwall                 Tmut/Erth      0%         N/A       58%         2
 Confusing Touch          Hex            0%         N/A       82%         3
 Dazzling Flash           Conj/Hex       0%         N/A       82%         3
 Stone Arrow              Conj/Erth      0%         3d7       82%         3
 Vhi's Electric Charge    Tloc/Air       0%         N/A       82%         3
 Animate Armour           Summ/Erth      0%         N/A       99%         4
 Dispel Undead            Necr           0%         3d6       99%         4
 Agony                    Necr           0%         N/A       100%        5
 Arcjolt                  Conj/Air       0%         1d10      100%        5
 Fireball                 Conj/Fire      0%         3d3       100%        5
 Iskenderun's Battlesphe  Conj           0%         2d6       100%        5
 Silence                  Hex/Air        0%         N/A       100%        5
 Conjure Ball Lightning   Conj/Air       0%         3x3d6     100%        6
 Plasma Beam              Fire/Air       0%         2x1d10    100%        6
 Orb of Destruction       Conj           0%         9d5       100%        7
 Borgnjor's Revivificati  Necr           0%         N/A       100%        8
 Lehudib's Crystal Spear  Conj/Erth      0%         10d2      100%        8
 Necromutation            Tmut/Necr      0%         N/A       100%        8
 Death's Door             Necr           0%         N/A       100%        9


Dungeon Overview and Level Annotations

Branches:
Dungeon (11/15)            Temple (1/1) D:7            Lair (2/5) D:11
    Orc (0/2) D:11          Sewer (visited)
  Swamp: Lair:2-3    Shoals: Lair:2-3     Snake: Lair:2-3    Spider: Lair:2-3

Altars:
Ashenzari
Cheibriados
Fedhas
Gozag
Hepliaklqana
Kikubaaqudgha
Makhleb
Okawaru
Qazlal
Ru
Sif Muna
Trog
Uskayaw
Vehumet
Wu Jian
Xom
Yredelemnul
Jiyva

Shops:
D:10 !

Annotations:
D:10 4 runed translucent doors, CumLord's ghost, journeyman HOFi


Innate Abilities, Weirdness & Mutations

You have a pair of small horns on your head.
You are mostly covered in thin metallic scales. (AC +3)
Your demonic aura often causes spilled blood to erupt in flames.
You are mostly covered in sharp spines.


Message History

You hit the iguana.
You kill the iguana!
Qazlal accepts your kill. The eight-headed hydra bites you.
The eight-headed hydra closely misses you.
The eight-headed hydra bites you!
* * * LOW HITPOINT WARNING * * *
The eight-headed hydra barely misses you.
The eight-headed hydra closely misses you.
The eight-headed hydra bites you!
* * * LOW HITPOINT WARNING * * *
The eight-headed hydra bites you but does no damage.
The eight-headed hydra closely misses you.
Things that are here:
an iguana corpse; a swamp worm corpse You are too injured to fight recklessly!
Unknown command.
You hit the eight-headed hydra.
The eight-headed hydra is lightly wounded.
You block the eight-headed hydra's attack.
The eight-headed hydra bites you!
* * * LOW HITPOINT WARNING * * *
The eight-headed hydra barely misses you.
The eight-headed hydra bites you.
* * * LOW HITPOINT WARNING * * *
The eight-headed hydra bites you but does no damage. x2
The eight-headed hydra bites you!
* * * LOW HITPOINT WARNING * * *
The eight-headed hydra closely misses you.
Okay, then.
Okay, then.
Okay, then.
Okay, then.
Unknown command.
The eight-headed hydra attacks as you move away!
The eight-headed hydra misses you.
You block the eight-headed hydra's attack.
The eight-headed hydra bites you but does no damage.
The eight-headed hydra bites you!
You die...

... #..# #..# ♣ ###..# ##.
... ♣.#.#..### .. ....
........P######.. ...P
......>.○........## ...#
#.D@.○........# #..#
#†°##PPP##....###..# #
#...# ### #....<.... #..
#.°## #####.........
.....##..####...#........#
.........................#
#........................#
P..##.#..#.######........#
P. #....### #........#


You could see an eight-headed hydra.

Vanquished Creatures
  Gastronok (D:8)
  Josephine (D:10)
  Harold (D:11)
  A hydra (Lair:2)
  2 boulder beetles (D:11)
  A two-headed ogre (D:11)
  3 skysharks
  Amaemon (Lair:2)
  An unseen horror (D:11)
  A gargoyle (D:11)
  2 cane toads (Lair:1)
  An orange demon (Lair:2)
  A rime drake (Lair:1)
  Maggie (D:7)
  4 komodo dragons
  A troll (D:6)
  A tyrant leech (Lair:1)
  A hornet (shapeshifter) (D:9)
  2 hornets
  Prince Ribbit (D:7)
  5 blink frogs (Lair:1)
  3 slime creatures (D:8)
  A vampire (D:11)
  5 wraiths (D:10)
  16 yaks
  3 steam dragons
  Grum (D:8)
  2 swamp worms (Lair:2)
  9 water moccasins
  7 orc warriors
  A sky beast (D:7)
  5 black bears
  9 wolves
  An ogre (D:5)
  4 centaurs
  A phantom (D:5)
  4 kobold brigands
  11 bullfrogs
  A gnoll sergeant (D:9)
  A scorpion (D:6)
  3 wights (D:7)
  11 killer bees
  3 howler monkeys
  7 orc priests
  6 hounds
  2 jellies (D:5)
  2 gnoll boudas
  A sleepcap (D:5)
  10 hell rats (Lair:1)
  4 iguanas
  12 orc wizards
  Robin (D:3)
  15 gnolls
  11 adders
  10 river rats (Lair:1)
  4 worms
  3 dart slugs
  38 orcs
  7 endoplasms
  4 giant cockroaches
  17 goblins
  10 hobgoblins
  19 kobolds
  4 quokkas
  13 ball pythons
  13 bats
  4 frilled lizards
  10 rats
362 creatures vanquished.

Vanquished Creatures (collateral kills)
  A gargoyle (D:11)
  A yak (D:11)
  A gnoll sergeant (D:11)
  2 gnolls (D:11)
5 creatures vanquished.

Vanquished Creatures (others)
  An angel (D:7)
  An orc zombie (D:11)
  An orc (D:11)
3 creatures vanquished.

Grand Total: 370 creatures vanquished

Notes
Turn   | Place    | Note
-------+----------+-------------------------------------------
     0 | D:1      | Agathadicida the Demonspawn Fighter began the quest for the
                  | Orb.
     0 | D:1      | Reached XP level 1. HP: 18/18 MP: 1/1
   241 | D:1      | Gained mutation: You have a pair of small horns on your
                  | head. [demonic ancestry]
   241 | D:1      | Reached XP level 2. HP: 21/24 MP: 2/2
   400 | D:1      | Reached skill level 2 in Axes
   889 | D:2      | Reached XP level 3. HP: 28/30 MP: 3/3
  1248 | D:2      | Reached XP level 4. HP: 38/38 MP: 4/4
  1533 | D:3      | Found a blossoming altar of Fedhas.
  1772 | D:3      | Found a faded altar of an unknown god.
  1802 | D:3      | Noticed Robin
  1823 | D:3      | Killed Robin
  2004 | D:3      | Reached skill level 5 in Fighting
  2004 | D:3      | Reached skill level 3 in Axes
  2004 | D:3      | Gained mutation: You are partially covered in thin metallic
                  | scales. (AC +2) [demonic ancestry]
  2004 | D:3      | Reached XP level 5. HP: 36/44 MP: 5/5
  2009 | D:3      | Found a glowing drain.
  2013 | Sewer    | Entered a sewer
  2235 | Sewer    | Reached skill level 4 in Axes
  2235 | Sewer    | Gained mutation: Your demonic aura sometimes causes spilled
                  | blood to erupt in flames. [demonic ancestry]
  2235 | Sewer    | Reached XP level 6. HP: 29/51 MP: 6/6
  2811 | D:3      | Found an iron altar of Okawaru.
  3033 | D:4      | Reached skill level 5 in Axes
  3056 | D:4      | Found a sacrificial altar of Ru.
  3254 | D:4      | Gained mutation: You are partially covered in sharp spines.
                  | [demonic ancestry]
  3254 | D:4      | Reached XP level 7. HP: 49/56 MP: 7/7
  3425 | D:4      | Found a hazy altar of Hepliaklqana.
  3785 | D:5      | Entered Level 5 of the Dungeon
  3785 | D:5      | Found a snail-covered altar of Cheibriados.
  3879 | D:5      | Reached skill level 6 in Axes
  4182 | D:5      | Reached skill level 1 in Stealth
  4248 | D:5      | Found an ancient bone altar of Kikubaaqudgha.
  4528 | D:5      | Gained mutation: You are mostly covered in thin metallic
                  | scales. (AC +3) [demonic ancestry]
  4528 | D:5      | Reached XP level 8. HP: 65/65 MP: 8/8
  4893 | D:6      | Reached skill level 7 in Axes
  4955 | D:6      | Found an opulent altar of Gozag.
  5097 | D:6      | Noticed a troll
  5120 | D:6      | Killed a troll
  5121 | D:6      | Reached skill level 8 in Axes
  5482 | D:6      | Found an ornate altar of the Wu Jian Council.
  5928 | D:6      | Gained mutation: Your demonic aura often causes spilled
                  | blood to erupt in flames. [demonic ancestry]
  5928 | D:6      | Reached XP level 9. HP: 17/73 MP: 9/9
  6414 | D:7      | Found a staircase to the Ecumenical Temple.
  6423 | Temple   | Entered the Ecumenical Temple
  6458 | Temple   | Became a worshipper of Qazlal Stormbringer
  6507 | D:7      | Noticed Maggie
  6519 | D:7      | Killed Maggie
  6810 | D:7      | Reached skill level 9 in Axes
  6977 | D:7      | Noticed Prince Ribbit
  6988 | D:7      | Killed Prince Ribbit
  7428 | D:7      | Found a shimmering altar of Xom.
  7430 | D:7      | Noticed an angel
  7629 | D:7      | Killed an angel
  7788 | D:8      | Reached skill level 1 in Invocations
  8461 | D:8      | Noticed Gastronok
  8475 | D:8      | Noticed Grum
  8476 | D:8      | Killed Gastronok
  8477 | D:8      | Reached skill level 10 in Axes
  8477 | D:8      | Gained mutation: You are mostly covered in sharp spines.
                  | [demonic ancestry]
  8477 | D:8      | Reached XP level 10. HP: 5/84 MP: 10/12
  8491 | D:8      | HP: 3/84 [orc priest/nerve-wracking pain (7)]
  8808 | D:8      | Reached * piety under Qazlal
  9017 | D:8      | Killed Grum
  9018 | D:8      | Reached skill level 10 in Fighting
  9182 | D:8      | Found a basalt altar of Yredelemnul.
  9684 | D:9      | Paralysed by a hornet for 3 turns
  9902 | D:9      | Reached skill level 11 in Axes
  9904 | D:9      | Reached skill level 5 in Invocations
  9914 | D:9      | Reached ** piety under Qazlal
 10338 | D:10     | Entered Level 10 of the Dungeon
 10494 | D:10     | Found a runed translucent gate.
 10500 | D:10     | Found a runed translucent gate.
 10500 | D:10     | Found a runed translucent gate.
 10500 | D:10     | Noticed CumLord's ghost (journeyman HOFi)
 10500 | D:10     | Noticed a glowing orange brain
 10523 | D:10     | Identified a scroll of acquirement
 10523 | D:10     | Acquired 759 gold pieces
 10594 | D:10     | Found a hide-covered altar of Uskayaw.
 10707 | D:10     | Reached XP level 11. HP: 76/92 MP: 15/15
 10747 | D:10     | Noticed Josephine
 10761 | D:10     | Killed Josephine
 11009 | D:10     | Found Remuovecw's Distillery.
 11018 | D:10     | Bought a potion of heal wounds for 65 gold pieces
 11128 | D:10     | Found a runed translucent door.
 11128 | D:10     | Noticed a sixfirhy
 11209 | D:10     | Found a viscous altar of Jiyva.
 11225 | D:11     | Noticed a boulder beetle
 11238 | D:11     | Killed a boulder beetle
 11246 | D:11     | Reached skill level 12 in Axes
 11258 | D:11     | Found a staircase to the Lair.
 11339 | D:11     | Noticed Harold
 11349 | D:11     | Noticed a boulder beetle
 11351 | D:11     | Noticed a two-headed ogre
 11353 | D:11     | Killed Harold
 11377 | D:11     | Reached *** piety under Qazlal
 11388 | D:11     | Reached skill level 5 in Shields
 11394 | D:11     | Killed a two-headed ogre
 11417 | D:11     | Killed a boulder beetle
 11418 | D:11     | Reached skill level 13 in Axes
 12120 | D:11     | Found a staircase to the Orcish Mines.
 12225 | Lair:1   | Entered Level 1 of the Lair of Beasts
 12483 | Lair:1   | Reached XP level 12. HP: 84/95 MP: 17/17
 13582 | Lair:1   | Reached skill level 5 in Armour
 13914 | Lair:1   | Reached **** piety under Qazlal
 14003 | Lair:2   | Reached skill level 14 in Axes
 14438 | Lair:2   | Noticed Amaemon
 14878 | Lair:2   | Killed Amaemon
 14963 | Lair:2   | Noticed a seven-headed hydra
 14971 | Lair:2   | Killed a seven-headed hydra
 15001 | Lair:2   | Noticed an eight-headed hydra
 15005 | Lair:2   | HP: 4/98 [eight-headed hydra (7)]
 15007 | Lair:2   | Mangled by an eight-headed hydra

Illustrated notes

Levels and vault maps discovered:
D:1:      sevenhm_arrival_forest_fort_large_2, layout_loops_ring
D:2:      layout_loops_cross, nicolae_concentric_dashed_squares_wild,
          kennysheep_generic_room_13
D:3:      layout_rooms, okawaru_altar_gauntlet_db, nemelex_dance_club_becter,
          lemuel_round_altar, ebering_ecumenical_altar_ruins,
          gup_sewer_entry_bowl, kennysheep_flooded_box, uniq_robin
D:4:      layout_basic, kennysheep_mini_moat, nicolae_ru_awakened_eye
D:5:      layout_loops_cross, kennysheep_slug_shrine,
          mainiacjoe_overflow_alcove_1
D:6:      hangedman_cross_stitches, layout_basic,
          mainiacjoe_overflow_cross_hatched, grunt_gozag_breadcrumbs
D:7:      layout_loops_corners, grunt_temple_overflow_order_and_chaos_1,
          minmay_temple_entry_stoned_glass, uniq_prince_ribbit1, uniq_maggie
D:8:      layout_rooms, kennysheep_ying_yang, minmay_misc_feat_nine_boxes,
          uniq_grum, uniq_gastronok
D:9:      layout_cave_pools, mainiacjoe_overflow_concentric_impassable,
          hangedman_decor_clover_reticule
D:10:     cheibrodos_shockbox, layout_cross,
          nicolae_uskayaw_murder_on_the_dancefloor, gammafunk_ghost_ooze,
          serial_shops, nicolae_shop_industrial_runoff, uniq_josephine
D:11:     layout_loops_ring, due_lair_maze_entry_diamond, david_orc_4,
          uniq_harold
Temple:   nicolae_temple_great_sept
Lair:1:   layout_roguey, kennysheep_rathole
Lair:2:   layout_small_grid, palyth_hydra_swamp_entry, dummy_snake_entry,
          uniq_amaemon

Skill      XL: |  1  2  3  4  5  6  7  8  9 10 11 12 |
---------------+-------------------------------------+-----
Axes           | 2 3 4 5 6 8 10 11 13 14 | 14.6
Fighting       | 4 5 6 7 9 10 | 10.3
Stealth        | 1 2 |  2.1
Invocations    | 3 5 7 8 |  8.0
Armour         | 3 4 5 |  5.4
Shields        | 3 5 7 |  7.0
Throwing       | |  0.7
Dodging        | |  0.5

Action                     |  1- 3 |  4- 6 |  7- 9 | 10-12 || total
---------------------------+-------+-------+-------+-------++-------
  Melee: War axe           |    30 |   135 |       |   339 ||   504
         Whip              |    63 |    81 |   261 |    58 ||   463
         Headbutt          |     9 |    45 |    62 |   111 ||   227
         Demon whip        |       |       |       |    11 ||    11
  Throw: Boomerang         |     2 |     7 |       |       ||     9
         Dart              |       |       |     7 |     5 ||    12
 Invoke: Upheaval          |       |       |       |     1 ||     1
         Elemental Force   |       |       |       |     1 ||     1
  Evoke: Wand              |       |       |     1 |       ||     1
         Phantom mirror    |       |       |       |     1 ||     1
    Use: Scroll            |     5 |     3 |    12 |     8 ||    28
         Potion            |     1 |     2 |     4 |     8 ||    15
   Stab: Sleeping          |       |       |     2 |       ||     2
         Paralysed         |       |       |       |     4 ||     4
         Invisible         |       |       |       |     5 ||     5
         Confused          |       |       |       |     1 ||     1
 Armour: Scale mail        |    50 |    96 |    69 |       ||   215
         Skin              |       |       |    18 |       ||    18
         Steam dragon scal |       |       |    57 |   139 ||   196
  Dodge: Dodged            |    43 |   135 |   121 |   195 ||   494
         Repelled          |       |       |     3 |     3 ||     6
  Block: Buckler           |    26 |    64 |    46 |   184 ||   320

Table legend: (Time is in decaauts)
 A = Elapsed time spent in this place.
 B = Non-inter-level travel time spent in this place.
 C = Inter-level travel time spent in this place.
 D = Time resting spent in this place.
 E = Time spent auto-exploring this place.
 F = Levels seen in this place.
 G = Mean time per level.
                   A        B        C        D        E       F      G
               +--------+--------+--------+--------+--------+-----+--------+
         Total |  15076 |  14662 |    414 |   2929 |   8780 |  15 | 1005.1 |
       Dungeon |  11661 |  11307 |    354 |   1423 |   7569 |  11 | 1060.1 |
        Temple |     50 |     50 |      0 |      0 |     27 |   1 |   50.0 |
          Lair |   2771 |   2712 |     59 |   1388 |    956 |   2 | 1385.5 |
         Sewer |    593 |    593 |      0 |    118 |    228 |   1 |  593.0 |
               +--------+--------+--------+--------+--------+-----+--------+

Top non-repeatable levels by time:
  Lair:1: 2228 daAuts
     D:7: 1638 daAuts
     D:8: 1536 daAuts
     D:6: 1433 daAuts
     D:5: 1049 daAuts
    D:11: 1000 daAuts
     D:4: 938 daAuts
    D:10: 903 daAuts
     D:2: 833 daAuts
     D:9: 809 daAuts
     D:1: 806 daAuts
     D:3: 713 daAuts
   Sewer: 593 daAuts
  Lair:2: 542 daAuts
  Temple: 50 daAuts
